Unix NetHack Version 5.0.0-0 post-release - last build May 31 2026 23:59:36 (970b52f25bf058293b47ddfd14a1e40e571c508c,branch:main).

Game began 2026-06-02 14:05:51, ended 2026-06-02 16:05:06.

Booker, lawful male human Knight

                                              ----   ----      ---------
                                               ..     ..|      |...<...|
                                               ..-----..|  ####........|
                                               ..|!.(|..|   #  ---------
                                               ..|(@(| .|#  #
                                               -.|...  .|####
                                               |.-m--- .|#
                                               |.a@.....|#
                                         - -----Ga-----.|##
                                         |........-.%%|.|##
                                         -+---....|.%.|.|#
                                             ----.-----.|#
                                                |........##
                                                +.......|#     .
                                                -.....{.|##
                                               .........|
                                              -----------

Booker the Bachelor      St:16 Dx:8 Co:15 In:8 Wi:15 Ch:18  Lawful S:15312
Dlvl:5  $:88 HP:0(67) Pw:76(76) AC:1  Xp:9/3721 T:6916  Stun

Latest messages:
 The dwarf hits!
 You materialize in a different location!
 The gnome lord picks up 2 crossbow bolts.
 The dwarf picks up a crossbow.
 You kill the gnome!
 You kill the gnome!
 With great effort you move the boulder.
 Your candles are getting short.
 The dwarf shoots a crossbow bolt!
 You are hit by a crossbow bolt!
 The gnome lord wields a spear!
 The spear welds itself to the gnome lord's hand!
 You hit the gnome lord!
 You find a magic trap.
 You kill the gnome lord!
 The dwarf wields a pick-axe!
 There are several objects here.
 The dwarf wields a crossbow!
 You see here a towel.
 You descend the stairs.
 What do you want to use or apply? [bmosDHJL-NPTUY or ?*]
 You snuff out your candles.
 You hear a door open.
 You hear a door open.
 You hear a door open.
 You hit the small mimic!
 The small mimic hits!
 You hit the small mimic!
 You kill the small mimic!
 The door opens.
 The door opens.
 "Salutations, Booker!  Welcome to Izchak's lighting store!"
 The gnomish wizard casts a spell at you!
 You reel...
 The gnomish wizard points at you, then curses.
 The soldier ant bites!
 The soldier ant misses!
 You hit the soldier ant!
 The soldier ant bites!
 The soldier ant misses!
 The soldier ant just misses!
 The soldier ant just misses!
 The gnomish wizard casts a spell at you!
 Your head suddenly aches painfully!
 The soldier ant bites!
 The soldier ant stings!
 The giant mimic hits!
 The giant mimic misses!
 The soldier ant bites!
 You die...

Inventory:
 Coins    ('$')
  $ - 88 gold pieces
 Amulets  ('"')
  i - an uncursed amulet of reflection (being worn)
  S - an uncursed amulet of unchanging
 Weapons  (')')
  a - the blessed rustproof +1 Excalibur (weapon in right hand)
 Armor    ('[')
  d - an uncursed +0 helmet (being worn)
  f - a blessed +0 pair of leather gloves (being worn)
  l - an uncursed +0 pair of fumble boots
  x - an uncursed very burnt +0 pair of jumping boots (being worn)
  e - an uncursed +0 small shield (being worn)
  c - an uncursed +0 oilskin cloak (being worn)
  W - an uncursed +0 elven mithril-coat (being worn)
 Comestibles  ('%')
  g - 10 uncursed apples
  u - an uncursed fortune cookie
  Q - an uncursed tripe ration
  F - an uncursed lizard corpse
 Scrolls  ('?')
  k - an uncursed scroll of amnesia
  h - an uncursed scroll of confuse monster
  p - an uncursed scroll of create monster
  v - a blessed scroll of destroy armor
  j - 2 uncursed scrolls of enchant weapon named enchant wea
  V - a cursed scroll of gold detection
  z - a cursed scroll of identify
  X - a blessed scroll of light
  q - a cursed scroll of light named light
  G - a blessed scroll of magic mapping
  O - an uncursed scroll of magic mapping
  n - a cursed scroll of punishment
  r - an uncursed scroll of remove curse
  Z - an uncursed scroll of teleportation
 Potions  ('!')
  B - an uncursed potion of confusion
  I - an uncursed potion of hallucination
  t - 3 uncursed potions of levitation
  s - an uncursed potion of oil
  y - an uncursed potion of water
  A - an uncursed potion of water
 Rings    ('=')
  w - an uncursed ring of levitation
  K - an uncursed ring of polymorph control
  C - an uncursed ring of protection from shape changers (on left hand)
  R - an uncursed ring of sustain ability (on right hand)
  E - an uncursed ring of teleport control
 Wands    ('/')
  m - an uncursed wand of digging (0:6)
  L - an uncursed wand of fire (0:4)
  N - an uncursed wand of magic missile (0:4)
  b - a blessed wand of polymorph (0:7)
  H - an uncursed wand of polymorph (0:3)
  T - an uncursed wand of slow monster (0:6)
  Y - an uncursed wand of striking (0:2)
  M - an uncursed wand of teleportation (0:5)
  U - an uncursed wand of undead turning (0:6)
 Tools    ('(')
  P - an uncursed magic whistle
  D - an uncursed skeleton key
  o - 7 cursed partly used tallow candles
  J - an uncursed partly used wax candle

Booker the Knight's attributes:

Background:
 You were a Bachelor, a level 9 male human Knight.
 You were lawful, on a mission for Lugh
 who was opposed by Brigit (neutral) and Manannan Mac Lir (chaotic).
 You were right-handed.
 You were in the Gnomish Mines, on level 5.
 You entered the dungeon 6916 turns ago.
 There was a full moon in effect when your adventure ended.
 You had 3721 experience points, 1399 more were needed to attain level 10.
 Your score was 15312 before end-of-game adjustments.

Basics:
 You had 0 out of 67 hit points.
 You had all 76 energy points (spell power).
 Your armor class was 1.
 Your wallet contained 88 zorkmids.
 Autopickup was on for '$%?!"=/' plus thrown, with exceptions.

Final Characteristics:
 Your strength was 16 (limit:18/100).
 Your dexterity was 8 (limit:18).
 Your constitution was 15 (limit:18).
 Your intelligence was 8 (limit:18).
 Your wisdom was 15 (limit:18).
 Your charisma was 18 (limit:18).

Final Status:
 You were stunned.
 You were held by a giant mimic (north).
 You weren't hungry.
 You were unencumbered.
 You were wielding a long sword.
 You had expert skill with long sword.

Final Attributes:
 You were piously aligned.
 You were cold resistant.
 You were poison resistant.
 You were level-drain resistant.
 You were telepathic.
 You had automatic searching.
 You could jump.
 You were guarded.
 Your spell casting was impaired by metallic armor.
 You were protected from shape changers.
 You were fast.
 You had reflection.
 You had fixed abilities.
 You were lucky.
 You are dead.

Miscellaneous:
 You disabled loading and storing of bones levels.
 Total elapsed playing time was 1 hour, 59 minutes and 13 seconds.

Major events:
 Turn
    1: Booker the lawful male human Knight entered the dungeon
 1008: attained the rank of Esquire (level 3)
 2704: was given Excalibur by the Lady of the Lake
 3001: entered Sokoban
 3134: attained the rank of Bachelor (level 6)
 3432: completed 1st Sokoban level
 4192: completed 2nd Sokoban level
 4631: completed 3rd Sokoban level
 5323: completed 4th Sokoban level
 6114: acquired the Sokoban amulet of reflection
 6711: entered the Gnomish Mines
 6890: reached Mine Town
 6916: killed by a soldier ant

Spells:
 Name                 Level Category     Fail Retention
 magic missile          2   attack       100%   51%-75%
 healing                1   healing      100%  76%-100%

Skills:
 Fighting Skills
   bare handed combat [Unskilled]
   two weapon combat  [Unskilled]
   riding             [Basic]
 Weapon Skills
   dagger             [Unskilled]
   knife              [Unskilled]
   axe                [Unskilled]
   pick-axe           [Unskilled]
   short sword        [Unskilled]
   broadsword         [Unskilled]
   long sword         [Expert]
   two-handed sword   [Unskilled]
   saber              [Unskilled]
   club               [Unskilled]
   mace               [Unskilled]
   morning star       [Unskilled]
   flail              [Unskilled]
   hammer             [Unskilled]
   polearms           [Unskilled]
   spear              [Unskilled]
   trident            [Unskilled]
   lance              [Basic]
   bow                [Unskilled]
   crossbow           [Unskilled]
 Spellcasting Skills
   attack spells      [Unskilled]
   healing spells     [Unskilled]
   clerical spells    [Unskilled]

Voluntary challenges:
 Character rerolling was not enabled.
 You never genocided any monsters.
 You never polymorphed an object.
 You never changed form.
 You used no wishes.
 You did not violate any of the special Sokoban rules.
Achievements:
 You entered a shop.
 You attained the rank of Esquire.
 You entered Sokoban.
 You attained the rank of Bachelor.
 You completed Sokoban.
 You entered the Gnomish Mines.
 You entered Minetown.

 The Dungeons of Doom: levels 1 to 7
    Level 1:
       A fountain.
    Level 2:
       A general store.
       Stairs down to The Gnomish Mines.
    Level 3:
    Level 4:
       A fountain.
    Level 5:
       An altar to Lugh.
    Level 6:
       Some fountains.
       Oracle of Delphi.
    Level 7:
       Stairs up to Sokoban, level 6.
 The Gnomish Mines: levels 3 to 5
    Level 3:
    Level 4:
    Level 5: <- You were here.
       A lighting shop, a fountain.
       Final resting place for
          you, killed by a soldier ant.
 Sokoban: levels 6 up to 3
    Level 3:
       Solved.
    Level 4:
       Solved.
    Level 5:
       Solved.
    Level 6:
       Solved.


Vanquished creatures:
  2 giant mimics
  3 stalkers
  a small mimic
  2 ogre leaders
  a troll
  a flaming sphere
  a leocrotta
 an energy vortex
  a human mummy
  a wraith
 an ettin zombie
  a chameleon
  3 quivering blobs
  2 cockatrices
  a wolf
  3 winter wolf cubs
  a panther
  a leprechaun
  a horse
  a black light
  3 vampire bats
 an ogre
 an owlbear
  3 yetis
  6 Green-elves
  2 lizards
  a housecat
  2 jaguars
  a blue jelly
  a dust vortex
  a plains centaur
  4 apes
  a human zombie
  2 Woodland-elves
  2 imps
  a wood nymph
  2 Mordor orcs
 an orc shaman
  a rock piercer
  2 rock moles
  2 yellow lights
  3 shriekers
  a violet fungus
  4 gnome leaders
  a kobold mummy
  a gray ooze
  a barrow wight
  2 elf zombies
  a ghoul
  a straw golem
  3 giant ants
  a little dog
  a floating eye
  a kitten
  a homunculus
  5 rothes
  a rabid rat
  a giant bat
  2 monkeys
  3 werejackals
  4 iguanas
 an acid blob
  4 coyotes
  a gas spore
  a hobbit
  3 giant rats
  3 cave spiders
  2 brown molds
  4 yellow molds
 12 gnomes
  2 garter snakes
  3 gnome zombies
  3 geckos
 14 jackals
  2 foxes
  3 kobolds
  7 goblins
  9 sewer rats
  5 grid bugs
  2 bats
  4 lichens
  a kobold zombie
 10 newts
203 creatures vanquished.

No species were genocided or became extinct.

Game over:
                       ----------
                      /          \
                     /    REST    \
                    /      IN      \
                   /     PEACE      \
                  /                  \
                  |      Booker      |
                  |      88 Au       |
                  |   killed by a    |
                  |   soldier ant    |
                  |                  |
                  |                  |
                  |       2026       |
                 *|     *  *  *      | *
        _________)/\\_//(\/(/\)/\//\/|_)_______

Fare thee well Booker the Knight...

You died in The Gnomish Mines on dungeon level 5 with 15304 points,
and 88 pieces of gold, after 6916 moves.
You were level 9 with a maximum of 67 hit points when you died.

